 Dungeon Crawl Stone Soup version 0.25-a0-253-g6f1b5d974a (webtiles) character file.

Game seed: 11462773371997305645, levelgen mode: classic

121 Borgoz the Sneak (level 5, -7/35 HPs)
             Began as a Halfling Assassin on Dec 5, 2019.
             Mangled by an iguana (9 damage)
             ... on level 3 of the Dungeon.
             The game lasted 00:02:55 (2048 turns).

Borgoz the Sneak (Halfling Assassin)                Turns: 2048, Time: 00:02:56

Health: -7/35      AC:  4    Str: 13    XL:     5   Next: 26%
Magic:  5/5        EV: 15    Int:  9    God:
Gold:   114        SH:  0    Dex: 16    Spells: 4/4 levels left

rFire    . . .     SeeInvis .   a - +3 dagger
rCold    . . .     Gourm    .   (shield restricted)
rNeg     . . .     Faith    .   b - +0 robe
rPois    .         Spirit   .   (no helmet)
rElec    .         Reflect  .   c - +0 cloak
rCorr    .         Harm     .   s - +0 pair of gloves
MR       .....                  (no boots)
Stlth    +++.......             (no amulet)
HPRegen  0.11/turn              (no ring)
MPRegen  0.09/turn              (no ring)

@: very slightly contaminated, invisible
A: small, mutation resistance 1
a: no special abilities


You were on level 3 of the Dungeon.
You were hungry.

You visited 1 branch of the dungeon, and saw 3 of its levels.

You collected 114 gold pieces.

Inventory:

Hand Weapons
 a - a +3 dagger (weapon)
Missiles
 d - 37 poisoned darts (quivered)
 e - 2 curare-tipped darts
 i - a throwing net
Armour
 b - a +0 robe (worn)
 c - a +0 cloak (worn)
 s - a +0 pair of gloves (worn)
Scrolls
 l - a scroll of remove curse
 n - 2 scrolls of enchant weapon
Potions
 h - a potion of magic
 k - a potion of invisibility
 o - a potion of brilliance
 q - a potion of haste
 r - a potion of resistance
Comestibles
 f - 4 rations


   Skills:
 + Level 2.7 Fighting
 + Level 3.7 Short Blades
 - Level 2.0 Throwing
 + Level 2.2 Armour
 + Level 2.6 Dodging
 - Level 4.3 Stealth


You had 4 spell levels left.
You didn't know any spells.
Your spell library was empty.

Dungeon Overview and Level Annotations

Branches:
Dungeon (3/15)

Altars:
Dithmenos
Nemelex Xobeh


Innate Abilities, Weirdness & Mutations

You are small and have problems with some larger weapons.
You are somewhat resistant to further mutation.


Message History

You hit the iguana.
The iguana is heavily wounded.
The iguana bites you but does no damage.
You hit the iguana.
The iguana is severely wounded.
The iguana bites you!
* * * LOW HITPOINT WARNING * * *
You closely miss the iguana.
The iguana is severely wounded.
The iguana hisses menacingly.
The iguana barely misses you.
Okay, then.
You fade into invisibility!
The iguana bites you.
* * * LOW HITPOINT WARNING * * *
You are very lightly contaminated with residual magic.
You hit the iguana but do no damage.
The iguana is severely wounded.
The iguana bites you!
You die...

#.## #..# #J ##.# #.
#.## #. #..# #. ##.#
#. #.#
#.##################..
#..ol@................
#..####'#######+####..
#..# #.##...##.#.##..
#.o# #..##'##..#..#..
#..# #....#....##.#..
#..# ##.......##..#..
#.%# +.......'...#..
#..# ##.......##..#..
#..# ##....#....##.#..


You could see an iguana and an orc.

Vanquished Creatures
  A bullfrog skeleton (D:2)
  2 adders (D:2)
  An ooze (D:3)
  2 worms
  2 dart slugs (D:2)
  3 leopard geckos
  A giant cockroach (D:1)
  6 goblins
  7 hobgoblins
  3 jackals (D:1)
  2 ball pythons (D:2)
  7 bats
  3 frilled lizards
  9 kobolds
  12 rats
61 creatures vanquished.

Notes
Turn   | Place    | Note
-------+----------+-------------------------------------------
     0 | D:1      | Borgoz the Halfling Assassin began the quest for the Orb.
     0 | D:1      | Reached XP level 1. HP: 14/14 MP: 1/1
    62 | D:1      | Reached XP level 2. HP: 16/19 MP: 2/2
   218 | D:1      | Reached skill level 1 in Armour
   501 | D:1      | Reached XP level 3. HP: 20/24 MP: 3/3
  1090 | D:2      | Found a shadowy altar of Dithmenos.
  1132 | D:2      | Reached XP level 4. HP: 24/30 MP: 4/4
  1648 | D:2      | Reached XP level 5. HP: 35/35 MP: 5/5
  1859 | D:3      | Found a sparkling altar of Nemelex Xobeh.
  2048 | D:3      | Mangled by an iguana

Levels and vault maps discovered:
D:1:      dpeg_arrival_fog, layout_basic
D:2:      layout_rooms, grunt_dithmenos_smoke, minmay_misc_feat_iff,
          kennysheep_generic_room_16
D:3:      minmay_roachtagon, layout_basic, nemelex_xobeh_ov_fountains_minmay,
          minmay_pentangle

Skill      XL: |  1  2  3  4 |
---------------+-------------+-----
Fighting       | 2 |  2.7
Armour         | 1 2 |  2.2
Short Blades   | 3 |  3.7
Dodging        | 2 |  2.6
Throwing       | |  2.0
Stealth        | |  4.3

Action                   |  1- 3 |  4- 6 || total
-------------------------+-------+-------++-------
Melee: Dagger            |   123 |    94 ||   217
  Use: Scroll            |       |     8 ||     8
       Potion            |       |     1 ||     1
 Stab: Sleeping          |    10 |     6 ||    16
  Eat: Chunk             |     1 |     2 ||     3
Armor: Robe              |    27 |     6 ||    33
Dodge: Dodged            |    89 |    42 ||   131

Table legend:
 A = Non-vault XP
 B = Vault XP
 C = Vault XP percentage of total XP
 D = Non-vault monster count
 E = Vault monster count
 F = Vault count percentage of total count
                 A         B        C        D         E       F
            +---------+---------+-------+---------+---------+-------
      Total |     170 |       3 |   1.7 |      59 |       2 |   3.3
            +---------+---------+-------+---------+---------+-------
        D:1 |      35 |       0 |   0.0 |      24 |       0 |   0.0
        D:2 |     112 |       3 |   2.6 |      27 |       2 |   6.9
        D:3 |      23 |       0 |   0.0 |       8 |       0 |   0.0
            +---------+---------+-------+---------+---------+-------
